 Dungeon Crawl Stone Soup version 0.13-a0-2398-gfa67c8a (webtiles) character file.

1692 M4edhros the Covert (level 8, -7/50 HPs)
             Began as an Octopode Artificer on July 15, 2013.
             Was an Initiate of Okawaru.
             Mangled by an ice beast (14 damage)
             ... on Level 6 of the Dungeon.
             The game lasted 00:12:23 (7065 turns).

M4edhros the Covert (Octopode Artificer)            Turns: 7065, Time: 00:12:23

HP  -7/50        AC  1     Str 14      XL: 8   Next: 81%
MP  15/15        EV 12     Int 16      God: Okawaru [......]
Gold 193         SH  0     Dex 12      Spells:  0 memorised,  7 levels left

Res.Fire  : + . .   See Invis. : .   L - +1,+3 orc dagger
Res.Cold  : . . .   Warding    : .   (no shield)
Life Prot.: . . .   Conserve   : .   (helmet restricted)
Res.Poison: .       Res.Corr.  : .   (no amulet)
Res.Elec. : .       Clarity    : .   e - +0,+7 ring of slaying
Sust.Abil.: . .     Spirit.Shd : .   h - +3 ring of strength
Res.Mut.  : .       Stasis     : .   r - ring of invisibility
Res.Rott. : .       Flight     : .   y - ring of protection from fire
Saprovore : . . .                    (no ring)
                                     (no ring)
                                     (no ring)
                                     (no ring)

@: slightly resistant to hostile enchantments, extremely stealthy
A: almost no armour, amphibious, 8 rings, constrict 8, camouflage 1, AC +1
a: Renounce Religion, Evoke Invisibility


You were on level 6 of the Dungeon.
You worshipped Okawaru.
Okawaru was pleased with you.
You were very hungry.

You visited 2 branches of the dungeon, and saw 8 of its levels.

You collected 173 gold pieces.

Inventory:

Hand weapons
 A - a +0,+0 sling
 J - a +0,+2 falchion of holy wrath
 K - a +2,+4 orcish whip
 L - a +1,+3 orcish dagger (weapon)
Missiles
 k - 4 javelins (quivered)
 m - 13 sling bullets of flame
 z - 37 sling bullets
 B - 15 stones
 C - a throwing net [torn]
Magical devices
 b - a wand of flame (5)
 c - a wand of enslavement (10)
 d - a wand of random effects (15)
 F - a wand of fire (11)
 H - a wand of slowing (8) {unknown}
Comestibles
 f - 2 bread rations
 i - a meat ration
 n - a banana
 p - 3 apples
 u - a pear
Scrolls
 g - a scroll of noise
 j - a scroll of random uselessness
 o - 3 scrolls of teleportation
 q - 3 scrolls of recharging
 D - a scroll of magic mapping
 E - a scroll of curse armour {unknown}
 G - 2 scrolls of remove curse {unknown}
 M - a scroll of enchant armour {unknown}
 O - 2 scrolls of amnesia {unknown}
 P - a scroll of immolation {unknown}
 Q - a scroll of enchant weapon II {unknown}
Jewellery
 e - a +0,+7 ring of slaying (left tentacle)
 h - a +3 ring of strength (right tentacle)
 r - a ring of invisibility (on tentacle)
 y - a ring of protection from fire (on tentacle)
Potions
 a - a potion of restore abilities {unknown}
 l - 2 potions of curing
 s - 2 potions of might {unknown}
 t - a potion of flight {unknown}
 v - a potion of slowing {unknown}
 x - a potion of magic {unknown}
 I - a potion of speed {unknown}


   Skills:
 - Level 1.0 Fighting
 + Level 5.4 Short Blades
 + Level 3.0 Slings
 - Level 2.0 Dodging
 * Level 10.9 Stealth
 - Level 2.1 Traps
 + Level 5.3 Evocations


You had 7 spell levels left.
You didn't know any spells.

Dungeon Overview and Level Annotations

Branches:
Dungeon (7/27)             Temple (1/1) D:7
    Orc: D:6-11

Altars:
Ashenzari
Cheibriados
Elyvilon
Fedhas
Kikubaaqudgha
Makhleb
Nemelex Xobeh
Okawaru
Sif Muna
Vehumet
Xom
Yredelemnul
the Shining One

Annotations
D:7 Pikel


Innate Abilities, Weirdness & Mutations

You cannot wear most types of armour.
You are amphibious.
You can wear up to eight rings at the same time.
You can use your tentacles to constrict many enemies at once.
Your skin changes colour to match your surroundings (Stlth).
Your rubbery body absorbs attacks (AC +1).


Message History

Drink which item? (? for menu, Esc to quit)
You feel much better. The ice beast hits you. The ice beast freezes you!
You hit the ice beast.
The ice beast is moderately wounded.
The ice beast hits you. The ice beast freezes you!
* * * LOW HITPOINT WARNING * * *
Drink which item? (? for menu, Esc to quit)
You feel better. The ice beast hits you.
* * * LOW HITPOINT WARNING * * *
The ice beast freezes you!
* * * LOW HITPOINT WARNING * * *
Read which item? (? for menu, Esc to quit)
Okay, then.
Evoke which item? (* to show all) (? for menu, Esc to quit)
Okay, then.
Drink which item? (? for menu, Esc to quit)
You feel better. The ice beast hits you.
* * * LOW HITPOINT WARNING * * *
The ice beast freezes you!
You die...

*,,**### #########.#
*,,,,..# #....).##.#
*,***#.# #.####.##.# ****
* #.# #.# #.##.# *,,,,*
#.# #.# #.##.# *,**** #.#
#.# #.##.# *,**_** #.# #.#
##.....
***,,,*##.######.###...###
*⌠,*,⌠#.@...........#.# #
###,,,*#I####.##.#.#...#*#
#####<#*,**#..#
#.##.#.##.....
#.....#*∩**#..#
#.##.#.##.##.#
#.###.#♣...∩..#
#.##.#....,,,. #.#
#.##∩#♣#.## #....#####***#
#.# #.#*,##### ###### #.#
###,,,** ##.# *⌠,*,⌠*


You could see an ice beast.

Vanquished Creatures
  An ice beast (D:5)
  An orc warrior (D:6)
  An ogre (D:5)
  The ghost of tesudzi the Insei, an average DrMo (D:3)
  A slave (D:6)
  Blork the orc (D:5)
  2 giant frogs
  A crimson imp (D:5)
  A goliath beetle (D:6)
  5 orc priests
  10 worker ants
  5 orc wizards
  A water moccasin skeleton (D:4)
  An ogre zombie (D:6)
  2 jellies
  12 adders
  4 gnolls (D:5)
  2 giant mites (D:2)
  7 worms
  5 giant geckos
  20 orcs
  4 giant cockroaches
  6 goblins
  8 hobgoblins
  4 jackals (D:5)
  7 bats
  4 giant newts
  A goblin skeleton (D:5)
  6 kobolds
  5 quokkas
  10 rats
139 creatures vanquished.

Vanquished Creatures (collateral kills)
  A worker ant (D:4)
1 creature vanquished.

Vanquished Creatures (others)
  A hobgoblin skeleton (D:4)
1 creature vanquished.

Grand Total: 141 creatures vanquished

Notes
Turn   | Place    | Note
--------------------------------------------------------------
     0 | D:1      | M4edhros, the Octopode Artificer, began the quest for the Orb.
     0 | D:1      | Reached XP level 1. HP: 14/14 MP: 1/1
   140 | D:1      | Reached XP level 2. HP: 19/19 MP: 3/3
   536 | D:2      | Reached XP level 3. HP: 12/24 MP: 4/4
   614 | D:2      | Reached skill level 4 in Stealth
  1625 | D:3      | Reached XP level 4. HP: 29/29 MP: 6/6
  1710 | D:3      | Noticed tesudzi's ghost (average DrMo)
  1908 | D:3      | Found a shattered altar of Ashenzari.
  2015 | D:3      | Killed tesudzi's ghost
  2015 | D:3      | Reached skill level 6 in Stealth
  2015 | D:3      | Reached XP level 5. HP: 21/34 MP: 7/7
  2726 | D:4      | Found a white marble altar of Elyvilon.
  2767 | D:4      | Reached skill level 7 in Stealth
  2767 | D:4      | Reached XP level 6. HP: 39/39 MP: 9/9
  3931 | D:4      | Reached skill level 8 in Stealth
  4279 | D:5      | Entered Level 5 of the Dungeon
  4284 | D:5      | Reached XP level 7. HP: 44/44 MP: 11/11
  4975 | D:5      | Noticed Blork the orc
  4983 | D:5      | Killed Blork the orc
  4983 | D:5      | Reached skill level 9 in Stealth
  5037 | D:5      | Reached skill level 1 in Slings
  5286 | D:5      | Reached XP level 8. HP: 39/50 MP: 11/13
  5891 | D:6      | Reached skill level 10 in Stealth
  6151 | D:6      | Reached skill level 5 in Short Blades
  6613 | D:7      | Reached skill level 5 in Evocations
  6646 | D:7      | Found a staircase to the Ecumenical Temple.
  6659 | Temple   | Entered the Ecumenical Temple
  6705 | Temple   | Became a worshipper of Warmaster Okawaru
  6725 | D:7      | Noticed Pikel
  7065 | D:6      | Mangled by an ice beast

Action                   |  1- 3 |  4- 6 |  7- 9 || total
-------------------------+-------+-------+-------++-------
Melee: Short sword       |    54 |    82 |    77 ||   213
       Trident           |       |       |     5 ||     5
       Dagger            |       |       |    70 ||    70
 Fire: Sling             |       |     5 |    61 ||    66
Evoke: Wand              |       |    15 |     2 ||    17
  Use: Potion            |     1 |     3 |     5 ||     9
       Scroll            |       |     4 |     2 ||     6
 Stab: Sleeping          |    12 |     9 |    15 ||    36
       Distracted        |       |       |     1 ||     1
